 Dungeon Crawl Stone Soup version 0.23.2-1-ga50397a (webtiles) character file.

Game seed: 9606921336840891519

102690 IBeShadow the Warrior (level 15, -6/141 HPs)
             Began as a Demonspawn Chaos Knight on May 6, 2019.
             Was a Plaything of Xom.
             Mangled by a spiny frog (11 damage)
             ... called by a spriggan druid
             ... on level 2 of the Lair of Beasts.
             The game lasted 01:56:02 (29062 turns).

IBeShadow the Warrior (Demonspawn Chaos Knight)    Turns: 29062, Time: 01:56:03

Health: -6/141     AC: 19    Str: 20    XL:     15   Next: 86%
Magic:  19/19      EV: 13    Int: 13    God:    Xom [..*...]
Gold:   3104       SH:  0    Dex: 24    Spells: 3/14 levels left

rFire    + + +     SeeInvis .   I - +8 morningstar of Zin's Hatred {flame, rPois}
rCold    + . .     Gourm    .   (no shield)
rNeg     . . .     Faith    .   G - +2 scale mail {rF+}
rPois    +         Spirit   .   F - +1 hat {MR+}
rElec    .         Reflect  .   q - +0 cloak "Rumosi Weif" {Dex+8}
rCorr    .         Harm     .   Q - +2 pair of gloves {archery}
MR       +++..     Clarity  +   (boots unavailable)
Stlth    ++........             b - amulet "Ughi Wakhla" {+Inv Regen+}
HPRegen  0.73/turn              w - +3 ring of protection
MPRegen  0.16/turn              R - ring of protection from magic

@: lethally poisoned (-6 -> -6)
A: antennae 2, beak, claws 1, talons 3, rugged brown scales 3, camouflage 1,
agile 1, blurry vision 1, clarity, cold resistance 1, demonic guardian 2, fire
resistance 2, poison resistance, strong 1, evolution 1
a: Renounce Religion, Evoke Invisibility


You were on level 2 of the Lair of Beasts.
You worshipped Xom.
You were a toy of Xom.
You were not hungry.

You visited 5 branches of the dungeon, and saw 25 of its levels.
You also visited: Ossuary, Bailey and Volcano.

You collected 3544 gold pieces.
You spent 440 gold pieces at shops.

Inventory:

Hand Weapons
 m - a +3 antimagic lajatang
 z - the +1 flail "Balypecao" {crush, rElec rF++ Str+4 Dex+4}
   (You found it on level 6 of the Lair of Beasts)

   It inflicts extra damage upon your enemies.
   It affects your strength (+4).
   It affects your dexterity (+4).
   It greatly protects you from fire.
   It insulates you from electricity.
 I - the +8 morningstar of Zin's Hatred (weapon) {flame, rPois}
   (You found it on level 7 of the Dungeon)

   It has been specially enchanted to burn those struck by it, causing extra
   injury to most foes and up to half again as much damage against particularly
   susceptible opponents.
   It protects you from poison.
Armour
 e - the cursed +0 shield of Circular Logic {Str+5}
   (You found it on level 14 of the Dungeon)

   It affects your strength (+5).
   It has a curse placed upon it.
 q - the +0 cloak "Rumosi Weif" (worn) {Dex+8}
   (Xom gifted it to you on level 2 of the Dungeon)

   It affects your dexterity (+8).
 F - a +1 hat of magic resistance (worn)
 G - a +2 scale mail of fire resistance (worn)
 K - a scarf of cloud immunity
 Q - a +2 pair of gloves of archery (worn)
Jewellery
 b - the amulet "Ughi Wakhla" (around neck) {+Inv Regen+}
   (You acquired it on level 2 of the Lair of Beasts)

   [amulet of regeneration]

   It lets you turn invisible.
   It increases your rate of regeneration.
 w - a +3 ring of protection (left hand)
 J - the ring "Zampy" {MP+9 Int+5}
   (You found it on level 7 of the Dungeon)

   [ring of magical power]

   It affects your intelligence (+5).
   It affects your magic capacity (+9).
 M - an uncursed ring of protection from cold
 R - a ring of protection from magic (right hand)
Wands
 k - a wand of acid (7)
 y - a wand of digging (12)
 B - a wand of paralysis (27)
 C - a wand of scattershot (7)
 O - a wand of iceblast (38)
 P - a wand of enslavement (7)
 T - a wand of clouds (5)
 U - a wand of flame (39)
 V - a wand of random effects (26)
 Y - a wand of disintegration (42)
Scrolls
 d - 2 scrolls of identify
 f - 5 scrolls of amnesia
 g - 4 scrolls of blinking
 h - 19 scrolls of teleportation
 l - 10 scrolls of remove curse
 o - 4 scrolls of fear
 p - 3 scrolls of enchant armour
 r - a scroll of acquirement
 t - 6 scrolls of fog
 u - 3 scrolls of immolation
 A - a scroll of brand weapon
Potions
 i - 4 potions of cancellation
 j - 5 potions of haste
 n - 5 potions of curing
 s - 2 potions of ambrosia
 v - 7 potions of brilliance
 x - 5 potions of magic
 D - 2 potions of lignification
 E - 3 potions of invisibility
 L - 5 potions of agility
 N - a potion of flight
 S - a potion of might
 W - a potion of mutation
 Z - 2 potions of resistance
Miscellaneous
 a - a crystal ball of energy
Comestibles
 c - 25 rations


   Skills:
 + Level 16.4 Fighting
   Level 10.0(12.0) Axes
 + Level 10.9(12.4) Maces & Flails
 - Level 1.7 Armour
 - Level 4.5 Dodging
 + Level 11.5 Hexes
 + Level 7.0 Necromancy
 - Level 9.0 Ice Magic
 - Level 5.4 Evocations


You had 3 spell levels left.
You knew the following spells:

 Your Spells              Type           Power        Failure   Level  Hunger
a - Metabolic Englaciati  Hex/Ice        ####......   36%         5    ######.
b - Confuse               Hex            ####....     2%          3    ####...
c - Regeneration          Chrm/Necr      #.........   54%         3    ####...

Your spell library contained the following spells:

 Spells                   Type           Power        Failure   Level  Hunger
 Confusing Touch          Hex            ####..       1%          1    ##.....
 Animate Skeleton         Necr           N/A          4%          1    ##.....
 Corpse Rot               Necr           N/A          8%          2    ###....
 Sublimation of Blood     Necr           ###.......   8%          2    ###....
 Spectral Weapon          Hex/Chrm       ###.....     26%         3    ####...
 Apportation              Tloc           #.....       65%         1    ##.....
 Infusion                 Chrm           #...         65%         1    ##.....
 Shock                    Conj/Air       #...         65%         1    ##.....
 Summon Small Mammal      Summ           #...         65%         1    ##.....
 Poisonous Vapours        Pois/Air       #.....       80%         2    ###....
 Shroud of Golubria       Chrm/Tloc      #.........   80%         2    ###....
 Song of Slaying          Chrm           #.......     80%         2    ###....
 Gell's Gravitas          Tloc           #.........   95%         3    ####...
 Agony                    Necr           ###.....     80%         5    ######.
 Dispel Undead            Necr           ###.....     80%         5    ######.
 Yara's Violent Unravell  Hex/Tmut       ###.......   93%         5    ######.
 Bolt of Draining         Conj/Necr      #.........   99%         5    ######.
 Excruciating Wounds      Chrm/Necr      #.........   99%         5    ######.
 Passage of Golubria      Tloc           N/A          100%        4    #####..
 Petrify                  Tmut/Erth      #.......     100%        4    #####..
 Lightning Bolt           Conj/Air       #.........   100%        5    ######.
 Deflect Missiles         Chrm/Air       #.........   100%        6    #######


Dungeon Overview and Level Annotations

Branches:
Dungeon (15/15)            Temple (1/1) D:7            Lair (6/6) D:10
 Spider (0/4) Lair:4        Slime (0/5) Lair:6          Orc (2/2) D:10
    Elf (0/3) Orc:2        Vaults (0/5) D:13
  Swamp: Lair:2-4    Shoals: Lair:2-4    Depths: D:15

Altars:
Ashenzari
Cheibriados
Dithmenos
Elyvilon
Fedhas
Gozag
Hepliaklqana
Kikubaaqudgha
Makhleb
Nemelex Xobeh
Okawaru
Qazlal
Ru
Sif Muna
Trog
Uskayaw
Vehumet
Wu Jian
Xom
Yredelemnul
Zin
The Shining One

Shops:
D:13 =%*!:   Orc:2 %[[*


Innate Abilities, Weirdness & Mutations

You have claws for feet.
You are completely covered in rugged brown scales. (AC +3, +7% HP)
A demonic guardian rushes to your aid.
You have a pair of antennae on your head.
You have a beak for a mouth.
You have sharp fingernails.
Your skin changes colour to match your surroundings (Stealth+).
You are agile. (Dex +2)
Scrolls take you a little longer to read.
You possess an exceptional clarity of mind.
Your flesh is cold resistant. (rC+)
Your flesh is very heat resistant. (rF++)
Your system is resistant to poisons. (rPois)
Your muscles are strong. (Str +2)
You evolve.


Message History

Your cloak billows in an unfelt wind.
The eight-headed hydra barely misses you.
The eight-headed hydra bites you but does no damage.
The eight-headed hydra closely misses you.
The eight-headed hydra bites you!
* * * LOW HITPOINT WARNING * * *
The eight-headed hydra bites you!
* * * LOW HITPOINT WARNING * * *
The eight-headed hydra bites you but does no damage. x2
The eight-headed hydra bites you!
* * * LOW HITPOINT WARNING * * *
Really read with blurry vision while enemies are nearby?
Uppercase [Y]es or [N]o only, please.
Really read with blurry vision while enemies are nearby?
The spiny frog stings you!
* * * LOW HITPOINT WARNING * * *
You begin reading the scroll.
You continue reading the scroll.
The spiny frog stings you!
You die...
Xom howls with laughter!

..P..####P....#..#.#
###. ######
##.....#....# ##
#.#.........###
##..........#.##
#............P#
##.........##..#
#.####.♣♣♣♣♣♣.## ###
#♣♣♣§♣♣♣.P#
♣§§@§§♣.##
♣§§DF§§..##
♣§§§§≈♣♣..#
♣♣≈§≈♣♣#### ♣♣♣♣♣


You could see an eight-headed hydra and a spiny frog.

Vanquished Creatures
  Agnes (D:14)
  The ghost of ScrapMettle the Fighter, a journeyman GnWn of Nemelex Xobeh (Orc:1)
  4 vault guards (D:13)
  7 hydras
  5 centaur warriors
  An alligator (Swamp:1)
  11 two-headed ogres
  A queen ant (Lair:2)
  6 death yaks
  An ogre mage (Orc:2)
  An orc high priest (Orc:2)
  3 skeletal warriors
  A fire crab (Volcano)
  2 deep trolls
  2 unseen horrors
  5 ugly things
  An orc knight (D:13)
  A wizard (D:13)
  An orc sorcerer (Orc:2)
  An oklob plant (Lair:1)
  A lindwurm (Volcano)
  A manticore (D:14)
  A moth of wrath (Orc:1)
  6 elephants (Lair:6)
  3 cyclopes
  2 molten gargoyles (Volcano)
  A black mamba (Lair:3)
  2 gargoyles
  18 spiny frogs
  A torpor snail (Lair:5)
  2 yaktaurs
  4 centaur skeletons
  A rime drake (Lair:4)
  6 komodo dragons
  A polar bear (Lair:3)
  A tengu conjurer (D:13)
  6 trolls
  2 jumping spiders (Lair:4)
  10 blink frogs
  2 slime creatures (D:12)
  6 tyrant leeches
  3 dream sheep (Lair:4)
  13 hippogriffs
  A redback (Lair:4)
  2 shadows
  Sigmund (D:5)
  36 yaks
  4 fire bats (Volcano)
  A wraith (D:11)
  8 vampire mosquitoes
  Grum (D:9)
  4 wyverns
  3 basilisks
  4 steam dragons
  8 wargs
  A swamp worm (Lair:2)
  10 water moccasins
  An acid dragon (D:14)
  4 soldier ants (Lair:2)
  2 hell hounds (Volcano)
  17 orc warriors
  4 porcupines
  3 sky beasts
  A phantom (D:4)
  2 necrophages
  15 centaurs
  4 wolves
  25 ogres
  7 crocodiles
  5 gnoll sergeants
  21 bullfrogs
  A water moccasin zombie (Ossuary)
  2 wyvern zombies
  2 wyvern skeletons
  3 scorpions
  12 wights
  An electric eel (Lair:4)
  7 howler monkeys
  A quasit (D:11)
  3 centaur zombies
  5 bullfrog zombies
  2 crimson imps
  6 hounds
  6 lava snakes (Volcano)
  6 gnoll shamans
  16 orc priests
  24 orc wizards
  3 bullfrog skeletons
  8 iguanas
  Natasha (thrice) (D:3)
  34 worker ants
  3 killer bee zombies (Ossuary)
  2 hound zombies (Ossuary)
  5 hound skeletons
  12 mummies
  A howler monkey zombie (D:7)
  3 worker ant zombies
  A howler monkey skeleton (D:10)
  30 gnolls
  13 adders
  A river rat (D:10)
  2 adder zombies (Ossuary)
  4 worms
  2 dart slugs (D:4)
  5 leopard geckos
  68 orcs
  12 giant cockroaches
  16 goblins
  8 hobgoblins
  4 jackals (D:8)
  7 quokkas
  A ball python (D:5)
  5 bats
  6 frilled lizards
  A jackal skeleton (D:4)
  6 kobolds
  A leopard gecko zombie (Ossuary)
  A quokka zombie (Ossuary)
  6 rats
  A fungus (Lair:6)
  A plant (Lair:6)
717 creatures vanquished.

Vanquished Creatures (collateral kills)
  Jorgrun (D:14)
  Gastronok (Lair:2)
  An ogre mage (Orc:2)
  Harold (D:9)
  3 hydras
  11 death yaks
  The ghost of growler the Geomancer, a journeyman GrEE of Vehumet (D:11)
  5 two-headed ogres
  An alligator (Swamp:1)
  2 skeletal warriors (D:13)
  A spriggan druid (Swamp:1)
  A swamp dragon (Swamp:1)
  The ghost of SomaCruz the Cleaver, a novice HOFi of Beogh (D:7)
  An orc knight (Orc:1)
  4 ugly things
  3 oklob plants (Lair:1)
  2 centaur zombies
  3 elephants (Lair:6)
  5 spiny frogs (Lair:6)
  A gargoyle (D:13)
  A komodo dragon (Lair:3)
  A jumping spider (Lair:4)
  3 trolls
  A polar bear (Lair:5)
  A slime creature (D:12)
  2 blink frogs
  A hippogriff (Lair:2)
  A dream sheep (Lair:4)
  2 redbacks (Lair:4)
  A spriggan (D:8)
  19 yaks
  2 wyverns
  A fire bat (Volcano)
  A wraith (D:10)
  A vampire mosquito (Lair:6)
  3 wargs
  A porcupine (D:10)
  8 orc warriors
  3 centaurs
  2 crocodiles
  5 ogres
  5 wolves (Lair:3)
  6 bullfrogs
  4 gnoll sergeants (Bailey)
  2 wights (D:12)
  2 hounds
  A bullfrog skeleton (D:7)
  An orc priest (D:4)
  8 orc wizards
  A gnoll shaman (Bailey)
  A jelly (D:10)
  2 mummies (Ossuary)
  2 worker ants
  A howler monkey zombie (Ossuary)
  An adder (D:9)
  A river rat (D:10)
  A shadow imp (D:5)
  2 adder zombies (Ossuary)
  11 orcs
  A giant cockroach zombie (Ossuary)
  A plant (Lair:4)
163 creatures vanquished.

Vanquished Creatures (others)
  An elephant (Lair:6)
  A blink frog (Lair:6)
  A vampire mosquito (D:14)
  A warg (Orc:1)
  A spectral adder (D:7)
  9 fungi
  34 plants
  A withered plant (Ossuary)
49 creatures vanquished.

Grand Total: 929 creatures vanquished

Notes
Turn   | Place    | Note
-------+----------+-------------------------------------------
     0 | D:1      | IBeShadow the Demonspawn Chaos Knight began the quest for
                  | the Orb.
     0 | D:1      | Reached XP level 1. HP: 18/18 MP: 1/1
     6 | D:1      | XOM: smoke on damage
    78 | D:1      | XOM: silly message
   194 | D:1      | Gained mutation: A weak demonic guardian rushes to your
                  | aid. [demonic ancestry]
   194 | D:1      | Reached XP level 2. HP: 24/24 MP: 2/2
   486 | D:1      | XOM: noise
   627 | D:1      | XOM: harmless Tloc miscast
   709 | D:1      | XOM: divination: detect creatures
   724 | D:1      | XOM: mild Hex miscast
   822 | D:1      | XOM: divination: detect creatures
  1036 | D:2      | Found a stormy altar of Qazlal.
  1036 | D:2      | XOM: 2-stop teleportation journey
  1152 | D:2      | Gained mutation: You have sharp toenails. [demonic
                  | ancestry]
  1152 | D:2      | Reached XP level 3. HP: 30/30 MP: 3/3
  1186 | D:2      | Reached skill level 4 in Fighting
  1397 | D:2      | You fall through a shaft for 2 floors!
  1401 | D:4      | Found an iron altar of Okawaru.
  1660 | D:3      | XOM: scenery: create altars
  1670 | D:2      | XOM: cloud trail
  1728 | D:2      | XOM: god gift: ancient cloak {god gift}
  1729 | D:2      | Got an ancient cloak {god gift}
  1740 | D:2      | Identified the +0 cloak "Rumosi Weif" {Dex+8} (Xom gifted
                  | it to you on level 2 of the Dungeon)
  1764 | D:2      | Reached XP level 4. HP: 38/38 MP: 4/4
  1994 | D:2      | XOM: scenery: create altars
  2204 | D:3      | Noticed Natasha
  2204 | D:3      | XOM: destruction
  2205 | D:3      | XOM: fog
  2207 | D:3      | Killed Natasha
  2243 | D:3      | XOM: give mutation
  2243 | D:3      | Gained mutation: You have a pair of small horns on your
                  | head. [Xom's grace]
  2265 | D:3      | Reached skill level 5 in Fighting
  2265 | D:3      | Gained mutation: You are partially covered in rugged brown
                  | scales. (AC +1, +3% HP) [demonic ancestry]
  2265 | D:3      | Reached XP level 5. HP: 22/45 MP: 5/5
  2343 | D:2      | XOM: give mutations
  2343 | D:2      | Gained mutation: You have supernaturally acute eyesight.
                  | (SInv) [Xom's grace]
  2343 | D:2      | Gained mutation: You have razor-sharp toenails. [Xom's
                  | grace]
  2343 | D:2      | Gained mutation: You are agile. (Dex +2) [Xom's grace]
  2793 | D:3      | Found a sacrificial altar of Ru.
  2879 | D:3      | Noticed Natasha
  2886 | D:3      | Killed Natasha
  2990 | D:3      | Noticed Natasha
  2998 | D:3      | Killed Natasha
  3137 | D:4      | Noticed a phantom
  3148 | D:4      | XOM: fake destruction
  3151 | D:4      | Killed a phantom
  3151 | D:4      | Reached skill level 6 in Fighting
  3151 | D:4      | Reached XP level 6. HP: 53/53 MP: 6/6
  3411 | D:4      | XOM: give mutation
  3411 | D:4      | Gained mutation: You are very agile. (Dex +4) [Xom's grace]
  3478 | D:3      | XOM: confuse monster(s)
  3619 | D:3      | XOM: god gift: 460 gold pieces
  3678 | D:4      | XOM: summons 3 friendly demons
  3714 | D:4      | XOM: 6-stop teleportation journey
  3946 | D:4      | XOM: give mutations
  3946 | D:4      | Gained mutation: Your natural rate of healing is unusually
                  | fast. [Xom's mischief]
  3946 | D:4      | Gained mutation: You are frail. (-10% HP) [Xom's mischief]
  3946 | D:4      | Gained mutation: You are very frail. (-20% HP) [Xom's
                  | mischief]
  4247 | D:5      | Entered Level 5 of the Dungeon
  4323 | D:5      | Found an opulent altar of Gozag.
  4493 | D:5      | Reached skill level 10 in Fighting
  4493 | D:5      | Gained mutation: A demonic guardian rushes to your aid.
                  | [demonic ancestry]
  4493 | D:5      | Reached XP level 7. HP: 55/55 MP: 7/7
  4595 | D:5      | Noticed Sigmund
  4600 | D:5      | Killed Sigmund
  4600 | D:5      | Gained mutation: You are mostly covered in rugged brown
                  | scales. (AC +2, +5% HP) [demonic ancestry]
  4600 | D:5      | Reached XP level 8. HP: 46/62 MP: 4/8
  4692 | D:5      | XOM: summons 4 hostile demons
  4693 | D:5      | Noticed a soul eater
  4808 | D:5      | Reached skill level 11 in Fighting
  4873 | D:5      | XOM: mild Pois miscast
  4875 | D:5      | XOM: divination: magic mapping
  4962 | D:5      | Reached skill level 1 in Dodging
  5023 | D:5      | Found a bloodstained altar of Trog.
  5249 | D:6      | Found a sand-covered staircase.
  5290 | Ossuary  | Entered an ossuary
  5309 | Ossuary  | XOM: 1-stop teleportation journey
  5418 | Ossuary  | XOM: confusion
  5492 | Ossuary  | Reached XP level 9. HP: 68/68 MP: 9/9
  5914 | D:6      | Found a sacrificial altar of Ru.
  6129 | D:6      | XOM: god gift: ration
  6203 | D:6      | XOM: harmless Tloc miscast
  6244 | D:7      | XOM: scenery: create altars
  6305 | D:7      | Noticed a two-headed ogre
  6329 | D:7      | Killed a two-headed ogre
  6339 | D:7      | Found a hide-covered altar of Uskayaw.
  6340 | D:7      | Found an ancient bone altar of Kikubaaqudgha.
  6376 | D:7      | Reached skill level 12 in Fighting
  6497 | D:7      | Noticed a two-headed ogre
  6505 | D:7      | Killed a two-headed ogre
  6505 | D:7      | Reached skill level 10 in Axes
  6505 | D:7      | Reached XP level 10. HP: 57/75 MP: 10/10
  6581 | D:7      | Got a translucent morningstar
  6582 | D:7      | Identified the +8 morningstar of Zin's Hatred {flame,
                  | rPois} (You found it on level 7 of the Dungeon)
  6591 | D:7      | Got a warped tin ring
  6593 | D:7      | Identified the ring "Zampy" {MP+9 Int+5} (You found it on
                  | level 7 of the Dungeon)
  6710 | D:7      | Found a staircase to the Ecumenical Temple.
  6936 | D:7      | Found a runed translucent gate.
  6936 | D:7      | Found a runed translucent gate.
  6936 | D:7      | Found a runed translucent gate.
  6937 | D:7      | Noticed SomaCruz's ghost (novice HOFi)
  7088 | D:7      | XOM: cloud trail
  7176 | D:7      | XOM: divine lightning
  7177 | D:7      | Killed SomaCruz's ghost
  7259 | D:8      | XOM: summons friendly quasit
  7312 | D:8      | XOM: cloud trail
  7339 | D:8      | XOM: cleaving
  7395 | D:8      | Reached skill level 1 in Maces & Flails
  7673 | D:8      | XOM: confuse monster(s)
  7693 | D:8      | Found a flagged portal.
  7702 | Bailey   | Entered a bailey
  7766 | Bailey   | XOM: enchant monster (good)
  7964 | Bailey   | XOM: smoke on damage
  8172 | Bailey   | XOM: god gift: potion of haste
  8591 | D:9      | Identified 2 scrolls of acquirement
  8601 | D:9      | Learned a level 5 spell: Metabolic Englaciation
  8767 | D:9      | Noticed Harold
  8775 | D:9      | Killed Harold
  8802 | D:9      | Reached skill level 1 in Hexes
  8846 | D:9      | Noticed Grum
  8848 | D:9      | Reached skill level 1 in Ice Magic
  8862 | D:9      | Killed Grum
  8998 | D:9      | XOM: harmless Summ miscast
  9056 | D:9      | Reached XP level 11. HP: 82/82 MP: 11/11
  9206 | D:9      | Found a shimmering altar of Xom.
  9444 | D:10     | Entered Level 10 of the Dungeon
  9444 | D:10     | Noticed a two-headed ogre
  9444 | D:10     | Noticed a two-headed ogre
  9448 | D:9      | XOM: potion effect (agility)
  9454 | D:9      | Killed a two-headed ogre
  9454 | D:9      | Reached skill level 13 in Fighting
  9559 | D:10     | XOM: give mutations
  9559 | D:10     | Gained mutation: You passively map a small area around you.
                  | [Xom's grace]
  9559 | D:10     | Gained mutation: You have claws for feet. [Xom's grace]
  9559 | D:10     | Gained mutation: Your system is resistant to poisons.
                  | (rPois) [Xom's grace]
  9559 | D:10     | Gained mutation: Your muscles are strong. (Str +2) [Xom's
                  | grace]
  9575 | D:10     | Noticed a two-headed ogre
  9581 | D:10     | Killed a two-headed ogre
  9626 | D:10     | XOM: cast spell 'Olgreb's Toxic Radiance'
  9633 | D:10     | Killed a two-headed ogre
  9693 | D:10     | XOM: summons 4 friendly demons
  9842 | D:10     | You fall through a shaft for 2 floors!
  9842 | D:12     | Noticed an eight-headed hydra
  9843 | D:12     | XOM: confuse monster(s)
  9861 | D:12     | Killed an eight-headed hydra
  9951 | D:11     | Noticed a two-headed ogre
  9955 | D:11     | Killed a two-headed ogre
  9984 | D:11     | XOM: scenery: 4 doors open
 10011 | D:11     | Noticed a cyan ugly thing
 10022 | D:11     | Killed a cyan ugly thing
 10040 | D:11     | XOM: cast spell 'Disjunction'
 10161 | D:11     | XOM: 1-stop teleportation journey
 10309 | D:11     | XOM: fog
 10311 | D:11     | Reached skill level 5 in Maces & Flails
 10444 | D:11     | XOM: scenery: 1 doors open
 10474 | D:11     | XOM: scenery: create altars
 10481 | D:11     | XOM: divination: detect creatures
 10587 | D:11     | Found a runed translucent gate.
 10587 | D:11     | Found a runed translucent gate.
 10587 | D:11     | Found a runed translucent gate.
 10587 | D:11     | Noticed a nine-headed hydra
 10587 | D:11     | Noticed growler's ghost (journeyman GrEE)
 10587 | D:11     | Noticed a two-headed ogre
 10590 | D:11     | Killed a two-headed ogre
 10616 | D:11     | Killed growler's ghost
 10616 | D:11     | Reached skill level 5 in Hexes
 10630 | D:11     | Killed a nine-headed hydra
 10630 | D:11     | Reached XP level 12. HP: 40/90 MP: 12/12
 10842 | D:11     | XOM: scenery: 1 doors open, 2 doors close
 10899 | D:11     | Got a bloodstained broad axe
 10900 | D:11     | Identified the +11 broad axe of Deflation {chop, rC- Dex+4
                  | SInv} (You found it on level 11 of the Dungeon)
 11070 | D:12     | XOM: smoke on damage
 11089 | D:12     | Reached skill level 5 in Ice Magic
 11290 | D:12     | XOM: divination: magic mapping
 11474 | D:12     | Learned a level 3 spell: Confuse
 11524 | D:12     | XOM: scenery: create altars
 11765 | D:13     | Noticed a vault guard
 11765 | D:13     | Noticed a vault guard
 11808 | D:13     | Found Tanafrecu's Book Shop.
 11818 | D:13     | Reached skill level 14 in Fighting
 11858 | D:13     | Found Digac's Jewellery Shop.
 11859 | D:13     | Noticed a centaur warrior
 11860 | D:13     | XOM: smoke on damage
 11874 | D:13     | Killed a centaur warrior
 11996 | D:13     | Found Awets's Assorted Antiques.
 11997 | D:13     | XOM: polymorph howler monkey -> steam dragon
 12029 | D:13     | Found Lyegec's Food Boutique.
 12045 | D:13     | Found Pomeucid's Distillery.
 12094 | D:13     | XOM: mild Hex miscast
 12263 | D:13     | XOM: destruction
 12265 | D:13     | XOM: cast spell 'Chain of Chaos'
 12269 | D:13     | Noticed a vault guard
 12277 | D:13     | XOM: polymorph orc warrior -> scorpion
 12539 | Temple   | Entered the Ecumenical Temple
 12878 | D:10     | XOM: divination: magic mapping
 12909 | D:10     | Found a staircase to the Orcish Mines.
 12933 | D:10     | Noticed a death yak
 12935 | D:10     | Noticed a death yak
 12936 | D:10     | Found a staircase to the Lair.
 12936 | D:10     | Noticed a death yak
 12937 | D:10     | XOM: cleaving
 12941 | D:10     | Killed a death yak
 12954 | D:10     | XOM: divination: detect creatures
 12958 | D:10     | XOM: repel stairs
 12959 | D:10     | Killed a death yak
 12963 | D:10     | XOM: summons friendly crimson imp
 12981 | D:10     | XOM: stat loss: -1 Int (17/18)
 13013 | D:10     | Killed a death yak
 13260 | Lair:1   | Entered Level 1 of the Lair of Beasts
 13508 | Lair:1   | XOM: summons 4 hostile shadow creatures
 13515 | Lair:1   | Noticed a seven-headed hydra
 13570 | Lair:1   | Killed a seven-headed hydra
 14628 | Lair:1   | Mutation became permanent: You have razor-sharp toenails.
                  | [demonic ancestry]
 14628 | Lair:1   | Gained mutation: You have claws for feet. [demonic
                  | ancestry]
 14628 | Lair:1   | Reached XP level 13. HP: 90/96 MP: 13/13
 14751 | Lair:1   | XOM: give mutations
 14751 | Lair:1   | Lost mutation: You have a pair of small horns on your head.
                  | [Xom's mischief]
 14751 | Lair:1   | Lost mutation: You are very agile. (Dex +4) [Xom's
                  | mischief]
 14751 | Lair:1   | Lost mutation: You are very frail. (-20% HP) [Xom's
                  | mischief]
 14751 | Lair:1   | Lost mutation: You are frail. (-10% HP) [Xom's mischief]
 14795 | Lair:1   | XOM: mild Tmut miscast
 14855 | Lair:2   | XOM: give mutations
 14855 | Lair:2   | Gained mutation: You are frail. (-10% HP) [Xom's mischief]
 14855 | Lair:2   | Lost mutation: You passively map a small area around you.
                  | [Xom's mischief]
 14855 | Lair:2   | Lost mutation: You have supernaturally acute eyesight.
                  | (SInv) [Xom's mischief]
 15106 | Lair:2   | XOM: give mutation
 15106 | Lair:2   | Gained mutation: Your flesh is heat resistant. (rF+) [Xom's
                  | grace]
 15192 | Lair:2   | XOM: give mutations
 15192 | Lair:2   | Lost mutation: Your natural rate of healing is unusually
                  | fast. [Xom's mischief]
 15192 | Lair:2   | Gained mutation: Your mind is acute. (Int +2) [Xom's
                  | mischief]
 15192 | Lair:2   | Gained mutation: You are very frail. (-20% HP) [Xom's
                  | mischief]
 15192 | Lair:2   | Lost mutation: Your mind is acute. (Int +2) [Xom's
                  | mischief]
 15241 | Lair:2   | Got a pitted ruby amulet
 15242 | Lair:2   | Identified the amulet "Ughi Wakhla" {+Inv Regen+} (You
                  | acquired it on level 2 of the Lair of Beasts)
 15320 | Lair:2   | Found a staircase to the Swamp.
 15399 | Lair:2   | Noticed Gastronok
 15399 | Lair:2   | XOM: smoke on damage
 15609 | Lair:3   | XOM: summons 5 friendly demons
 15638 | Lair:3   | XOM: summons friendly white imp
 15762 | Lair:3   | XOM: 1-stop teleportation journey
 15777 | Lair:3   | XOM: enchant monster (bad)
 15993 | Lair:3   | XOM: cast spell 'Statue Form'
 15997 | Lair:3   | Reached skill level 1 in Evocations
 15997 | Lair:3   | XOM: fog
 16564 | Lair:4   | XOM: mild Chrm miscast
 16914 | Lair:3   | XOM: harmless Chrm miscast
 17048 | Lair:4   | XOM: harmless Air miscast
 17133 | Lair:4   | Found a hole to the Spider Nest.
 17483 | Lair:5   | XOM: confuse monster(s)
 17484 | Lair:5   | XOM: enchant monster (good)
 17645 | Lair:5   | XOM: silly message
 17663 | Lair:5   | XOM: confuse monster(s)
 17729 | Lair:5   | XOM: mild Air miscast
 17807 | Lair:5   | Found a dark tunnel.
 17873 | Volcano  | Entered a volcano
 17880 | Volcano  | XOM: enchant monster (bad)
 18135 | Volcano  | Found a bloodstained altar of Trog.
 18138 | Volcano  | XOM: give mutation
 18151 | Volcano  | Reached skill level 15 in Fighting
 18349 | Volcano  | XOM: give mutations
 18349 | Volcano  | Gained mutation: You evolve. [Xom's mischief]
 18349 | Volcano  | Gained mutation: Scrolls take you a little longer to read.
                  | [Xom's mischief]
 18349 | Volcano  | Lost mutation: You are agile. (Dex +2) [Xom's mischief]
 18399 | Volcano  | Got an ancient ring mail
 18402 | Volcano  | Identified the +0 ring mail of the Eagle {rCorr Str+4} (You
                  | found it in a volcano)
 18598 | Volcano  | XOM: harmless Tloc miscast
 18625 | Lair:5   | Reached XP level 14. HP: 90/104 MP: 16/16
 18885 | Lair:5   | Found a shattered altar of Ashenzari.
 18929 | Lair:5   | Lost mutation: You are very frail. (-20% HP) [evolution]
 18956 | Lair:5   | XOM: god gift: wand of iceblast (11)
 19120 | Lair:6   | Entered Level 6 of the Lair of Beasts
 19209 | Lair:6   | XOM: enchant monster (good)
 19249 | Lair:5   | XOM: summons 9 friendly demons
 19602 | Lair:6   | XOM: mild Erth miscast
 19717 | Lair:6   | XOM: noise
 19726 | Lair:6   | XOM: destruction
 19736 | Lair:6   | XOM: mild Hex miscast
 19755 | Lair:6   | XOM: divine lightning
 19773 | Lair:6   | XOM: polymorph soul eater -> sun demon
 19774 | Lair:6   | XOM: 1-stop teleportation journey
 19855 | Lair:5   | XOM: mild Tmut miscast
 19883 | Lair:5   | XOM: cast spell 'Dispersal'
 19927 | Lair:5   | XOM: harmless Hex miscast
 20063 | Lair:6   | XOM: enchant monster (good)
 20079 | Lair:6   | XOM: 8-stop teleportation journey
 20098 | Lair:5   | XOM: potion effect (brilliance)
 20196 | Lair:6   | XOM: harmless Conj miscast
 20199 | Lair:5   | XOM: confuse monster(s)
 20202 | Lair:5   | XOM: confuse monster(s)
 20206 | Lair:5   | XOM: potion effect (invisibility)
 20221 | Lair:5   | Reached skill level 5 in Evocations
 20404 | Lair:6   | XOM: silly message
 20466 | Lair:6   | XOM: divination: magic mapping
 20511 | Lair:6   | XOM: god gift: runed demon whip {god gift}
 20654 | Lair:6   | XOM: god gift: glowing glaive {god gift}
 20814 | Lair:1   | XOM is BORED!
 20814 | Lair:1   | XOM: mild Pois miscast
 20967 | Lair:6   | XOM: cloud trail
 21001 | Lair:6   | Got an ancient flail
 21002 | Lair:6   | Identified the cursed +1 flail "Balypecao" {crush, rElec
                  | rF++ Str+4 Dex+4} (You found it on level 6 of the Lair of
                  | Beasts)
 21186 | Lair:6   | Found a staircase to the Slime Pits.
 21188 | Lair:6   | XOM: noise
 21533 | Lair:6   | XOM: divination: detect creatures
 21649 | Lair:6   | XOM: god gift: 24 stones
 21662 | Lair:6   | Gained mutation: You have a pair of small antennae on your
                  | head. [evolution]
 21739 | Lair:6   | XOM: god gift: 4 rations
 21767 | Lair:5   | XOM: scenery: create altars
 21831 | Lair:1   | XOM: give mutation
 21831 | Lair:1   | Gained mutation: You have a pair of antennae on your head.
                  | [Xom's grace]
 21943 | D:13     | XOM: god gift: wand of scattershot (7)
 21948 | D:13     | Bought a book of Battle for 440 gold pieces
 21952 | D:13     | Learned a level 3 spell: Regeneration
 22015 | D:10     | XOM: cloud trail
 22017 | D:10     | XOM: give mutations
 22017 | D:10     | Gained mutation: You have sharp fingernails. [Xom's grace]
 22017 | D:10     | Gained mutation: You are agile. (Dex +2) [Xom's grace]
 22017 | D:10     | Gained mutation: Your flesh is cold resistant. (rC+) [Xom's
                  | grace]
 22025 | Orc:1    | Entered Level 1 of the Orcish Mines
 22058 | Orc:1    | Found a transporter.
 22061 | Orc:1    | Noticed ScrapMettle's ghost (journeyman GnWn)
 22064 | Orc:1    | XOM: fog
 22229 | Orc:1    | XOM: scenery: create altars
 22344 | Orc:1    | XOM: scenery: create altars
 22649 | Orc:1    | Found a transporter.
 22773 | Orc:1    | XOM: divine lightning
 22774 | Orc:1    | XOM: divination: detect items
 22778 | Orc:1    | XOM: divination: detect creatures
 22783 | Orc:1    | Reached skill level 1 in Necromancy
 22789 | Orc:1    | XOM: summons 2 friendly demons
 22792 | Orc:1    | XOM: medium Conj miscast
 22808 | Orc:1    | Killed ScrapMettle's ghost
 22808 | Orc:1    | Reached skill level 10 in Hexes
 22952 | Orc:1    | Identified the Collected Works on the Dislocated Birds
 23042 | Orc:2    | Entered Level 2 of the Orcish Mines
 23042 | Orc:2    | Found a staircase to the Elven Halls.
 23303 | Orc:1    | XOM: give mutation
 23303 | Orc:1    | Lost mutation: You are frail. (-10% HP) [Xom's grace]
 23385 | Orc:1    | XOM: summons 7 hostile demons
 23446 | D:10     | XOM: harmless Hex miscast
 23529 | Orc:2    | XOM: enchant monster (good)
 23886 | Orc:2    | XOM: divination: magic mapping
 23893 | Orc:1    | XOM: cast spell 'Summon Small Mammal'
 23937 | Orc:1    | Gained mutation: You possess an exceptional clarity of
                  | mind. [evolution]
 24104 | Orc:2    | Gained mutation: You are completely covered in rugged brown
                  | scales. (AC +3, +7% HP) [demonic ancestry]
 24104 | Orc:2    | Reached XP level 15. HP: 119/139 MP: 19/19
 24115 | Orc:2    | XOM: harmless Erth miscast
 24118 | Orc:2    | XOM: potion effect (brilliance)
 24139 | Orc:2    | XOM: divination: detect creatures
 24197 | Orc:2    | Found Ruyhuz's Antique Armour Shop.
 24211 | Orc:2    | Found Gowimi's Food Boutique.
 24212 | Orc:2    | Found Nilaicem's General Store.
 24213 | Orc:2    | Found Cayt's Antique Armour Shoppe.
 24228 | Orc:2    | XOM: potion effect (brilliance)
 24431 | Orc:2    | Reached skill level 10 in Maces & Flails
 25391 | D:13     | Found a gate to the Vaults.
 25498 | D:13     | XOM: cast spell 'Summon Small Mammal'
 25499 | D:13     | XOM: cast spell 'Summon Ice Beast'
 25579 | D:13     | XOM: harmless Tloc miscast
 25652 | D:13     | Reached skill level 16 in Fighting
 25671 | D:13     | XOM: harmless Ice miscast
 25743 | D:13     | Reached skill level 5 in Necromancy
 26067 | Lair:4   | Got a polished dagger
 26068 | Lair:4   | Identified the +1 dagger of Jicacor {speed, +Inv Str+4
                  | Dex+4 Stlth-} (You found it on level 4 of the Lair of
                  | Beasts)
 26285 | D:14     | Noticed Agnes
 26305 | D:13     | XOM: harmless Conj miscast
 26353 | D:14     | XOM: harmless Chrm miscast
 26359 | D:14     | Killed Agnes
 26505 | D:14     | XOM: confuse monster(s)
 26507 | D:14     | XOM: enchant monster (good)
 26600 | D:14     | XOM: give mutation
 26600 | D:14     | Gained mutation: You have very sharp teeth. [Xom's grace]
 26642 | D:14     | XOM: mild Erth miscast
 26650 | D:14     | XOM: potion effect (heal wounds)
 26656 | D:14     | XOM: potion effect (heal wounds)
 26715 | D:13     | XOM: potion effect (curing)
 26718 | D:13     | XOM: harmless Pois miscast
 26734 | D:13     | XOM: divination: detect creatures
 26741 | D:13     | XOM: harmless Conj miscast
 26843 | D:13     | XOM: potion effect (haste)
 26992 | D:13     | XOM: potion effect (berserk rage)
 26997 | D:13     | XOM: potion effect (curing)
 27230 | D:13     | XOM: confuse monster(s)
 27401 | D:13     | XOM: polymorph white ugly thing -> cyan ugly thing
 27407 | D:13     | XOM: confuse monster(s)
 27610 | D:14     | XOM: potion effect (berserk rage)
 27682 | D:14     | XOM: give mutations
 27682 | D:14     | Gained mutation: Your flesh is very heat resistant. (rF++)
                  | [Xom's grace]
 27682 | D:14     | Gained mutation: Your skin changes colour to match your
                  | surroundings (Stealth+). [Xom's grace]
 27682 | D:14     | Lost mutation: You have very sharp teeth. [Xom's grace]
 27682 | D:14     | Gained mutation: You have a beak for a mouth. [Xom's grace]
 27803 | D:14     | Got a slimy shield
 27806 | D:14     | Identified the cursed +0 shield of Circular Logic {Str+5}
                  | (You found it on level 14 of the Dungeon)
 27888 | D:14     | XOM: cloud trail
 27923 | D:14     | XOM: divination: detect creatures
 27966 | D:14     | XOM: scenery: create altars
 27984 | D:14     | XOM: medium Pois miscast
 28125 | D:15     | Entered Level 15 of the Dungeon
 28125 | D:15     | Noticed Jorgrun
 28125 | D:15     | XOM: harmless Erth miscast
 28150 | D:14     | Killed Jorgrun
 28454 | Lair:2   | XOM: silly message
 28464 | Lair:2   | Killed Gastronok
 28622 | Lair:2   | XOM: smoke on damage
 28641 | Lair:2   | XOM: enchant monster (bad)
 29025 | Swamp:1  | Entered Level 1 of the Swamp
 29060 | Lair:2   | XOM: silly message
 29061 | Lair:2   | HP: 4/141 [spiny frog[a spriggan druid] (12)]
 29062 | Lair:2   | Mangled by a spiny frog

Skill      XL: |  1  2  3  4  5  6  7  8  9 10 11 12 13 14 15 |
---------------+----------------------------------------------+-----
Axes           | 3 4 9 10 | 10.0
Fighting       | 4 5 6 10 11 12 13 14 15 16 | 16.4
Dodging        | 2 3 4 |  4.5
Maces & Flails | 2 5 7 8 9 10 | 10.9
Hexes          | 1 5 7 8 10 11 | 11.5
Ice Magic      | 1 4 6 8 9 |  9.0
Evocations     | 3 5 |  5.4
Necromancy     | 3 7 |  7.0
Armour         | |  1.7

Action                   |  1- 3 |  4- 6 |  7- 9 | 10-12 | 13-15 || total
-------------------------+-------+-------+-------+-------+-------++-------
Melee: Hand axe          |   128 |   109 |       |       |       ||   237
       Kick              |     8 |    48 |    76 |   184 |   477 ||   793
       Headbutt          |       |    24 |    51 |   130 |       ||   205
       War axe           |       |    20 |   190 |     7 |       ||   217
       Morningstar       |       |       |       |   471 |  1041 ||  1512
       Peck              |       |       |       |       |    28 ||    28
       Bite              |       |       |       |       |    19 ||    19
       Lajatang          |       |       |       |       |     1 ||     1
 Cast: Confuse           |       |       |       |     2 |    34 ||    36
Evoke: Wand              |       |       |     1 |     6 |    24 ||    31
       Sack of spiders   |       |       |       |       |     1 ||     1
  Use: Potion            |       |     3 |     9 |     4 |    13 ||    29
       Scroll            |       |     2 |     6 |    14 |    15 ||    37
 Stab: Sleeping          |       |       |     1 |     2 |       ||     3
       Invisible         |       |       |     1 |       |     4 ||     5
       Confused          |       |       |       |     2 |     8 ||    10
       Distracted        |       |       |       |     2 |     5 ||     7
       Petrifying        |       |       |       |       |     1 ||     1
  Eat: Chunk             |     3 |     8 |     4 |    20 |    16 ||    51
       Ration            |       |       |     1 |     2 |    11 ||    14
Armor: Leather armour    |    46 |    25 |     3 |       |       ||    74
       Scale mail        |       |       |    61 |     7 |   427 ||   495
       Skin              |       |       |     1 |       |     4 ||     5
       Ring mail         |       |       |       |   138 |   112 ||   250
       Chain mail        |       |       |       |    13 |       ||    13
Dodge: Dodged            |    89 |    45 |    94 |   448 |   810 ||  1486
